AoeStats
← ccereal

Arena

509481460Analyzed
3v3 RM · 6d ago on Sep 26, 2026· 56m 17s· 6 players
Game mode
Random Map
Map size
Normal (6 player)
Population
200
Speed
Normal
Resources
Standard
Victory
Conquest
Starting age
Dark Age
Ending age
Imperial Age
RankedLock teamsTeams togetherTeam positionsShared explorationLock speedFull tech treeHidden civsTurbo modeCheats
Victory
Defeat
🇵🇪 Malians · Peru
1456
+18
🇵🇪 Persians · Peru
1416
+20
🇪🇸 Teutons · Spain
1359
+22
🇫🇷 Wu · France
1603
-25
🇫🇷 Poles · France
1593
-24
🇫🇷 Bohemians · France
1287
-11
León Sin Melena
8:05 Loom
10:07 Feudal Age
13:55 Castle Age
12:22 Double-Bit Axe
14:13 Horse Collar
21:11 Wheelbarrow
22:35 Bow Saw
23:49 Town Watch
24:36 Hand Cart
24:18 Gold Mining
25:59 Stone Mining
28:58 Imperial Age
26:45 Forging
27:06 Scale Barding Armor
27:03 Husbandry
27:13 Bloodlines
27:35 Heavy Plow
28:13 Gold Shaft Mining
27:57 Masonry
28:57 Chain Barding Armor
28:42 Cavalier
30:42 Plate Barding Armor
31:16 Two-Man Saw
30:44 Savar
32:11 Stone Shaft Mining
32:38 Iron Casting
34:07 Conscription
35:29 Blast Furnace
36:59 Light Cavalry
39:03 Ballistics
39:14 Architecture
38:40 Murder Holes
38:36 Fletching
39:40 Hussar
46:01 Crop Rotation
Grimbel
11:19 Feudal Age
11:53 Double-Bit Axe
12:38 Horse Collar
15:27 Castle Age
13:45 Gold Mining
16:26 Bow Saw
16:32 Heavy Plow
20:06 Loom
22:02 Scale Mail Armor
22:44 Squires
23:02 Arson
24:08 Chain Mail Armor
24:43 Forging
26:40 Iron Casting
26:42 Ironclad
27:11 Wheelbarrow
26:22 Town Watch
28:35 Hand Cart
32:19 Ballistics
32:10 Masonry
34:35 Imperial Age
32:07 Fletching
32:31 Masonry
32:30 Stone Mining
33:03 Fortified Wall
33:14 Ballistics
33:58 Bodkin Arrow
33:45 Elite Skirmisher
34:32 Padded Archer Armor
35:53 Conscription
37:02 Chemistry
36:18 Leather Archer Armor
36:08 Capped Ram
38:09 Ring Archer Armor
39:57 Plate Mail Armor
40:55 Elite Teutonic Knight
43:09 Blast Furnace
43:24 Hoardings
44:50 Siege Engineers
46:51 Crenellations
46:34 Pikeman
48:33 Halberdier
49:53 Town Patrol
53:41 Two-Man Saw
53:11 Crop Rotation
Maech_
7:20 Loom
7:36 Loom
9:29 Feudal Age
11:43 Fletching
17:23 Castle Age
18:52 Double-Bit Axe
20:39 Wheelbarrow
23:46 Horse Collar
33:02 Imperial Age
31:00 Forging
31:15 Scale Barding Armor
31:47 Hand Cart
32:07 Gold Mining
33:29 Chain Barding Armor
33:45 Iron Casting
33:26 Bloodlines
33:20 Husbandry
34:17 Conscription
34:55 Farimba
35:38 Plate Barding Armor
34:39 Heavy Camel Rider
36:46 Bow Saw
38:32 Cavalier
41:47 Chemistry
42:46 Bodkin Arrow
44:28 Light Cavalry
52:25 Scale Mail Armor
52:29 Squires
52:18 Arson
52:18 Elite Gbeto
53:53 Chain Mail Armor
55:19 Plate Mail Armor
55:43 Heavy Plow
ccereal
5:38 Loom
7:54 Feudal Age
8:32 Double-Bit Axe
9:55 Fletching
11:19 Horse Collar
19:05 Castle Age
19:20 Wheelbarrow
20:04 Bow Saw
20:54 Town Watch
28:07 Hand Cart
32:22 Imperial Age
30:18 Ballistics
29:54 Bodkin Arrow
30:24 Padded Archer Armor
29:52 Crossbowman
31:24 Thumb Ring
31:30 Heavy Plow
31:21 Gold Mining
32:04 Leather Archer Armor
32:02 Murder Holes
32:18 Masonry
32:32 Scale Barding Armor
32:38 Forging
32:40 Szlachta Privileges
33:10 Bracer
32:39 Arbalester
34:21 Chemistry
33:42 Bloodlines
33:33 Husbandry
34:47 Conscription
35:08 Chain Barding Armor
34:58 Forging
34:10 Cavalier
37:59 Fortified Wall
38:31 Crop Rotation
39:04 Coinage
40:00 Iron Casting
40:01 Banking
42:26 Blast Furnace
41:19 Stone Mining
41:11 Light Cavalry
43:29 Winged Hussar
Jungle Kriss
11:47 Feudal Age
15:46 Castle Age
14:36 Double-Bit Axe
14:34 Horse Collar
19:53 Bow Saw
21:30 Wheelbarrow
21:27 Heavy Plow
23:46 Loom
24:41 Wheelbarrow
27:17 Town Watch
27:05 Crossbowman
27:38 Fletching
43:34 Pikeman
44:15 Squires
44:18 Scale Mail Armor
44:29 Forging
45:47 Chain Mail Armor
47:59 Forging
49:17 Iron Casting
Frorok
10:35 Feudal Age
14:28 Castle Age
12:32 Double-Bit Axe
13:35 Horse Collar
17:14 Bow Saw
16:51 Loom
20:49 Sanctity
22:45 Padded Archer Armor
23:06 Crossbowman
23:47 Fletching
24:34 Bodkin Arrow
27:27 Wheelbarrow
28:54 Hand Cart
28:46 Town Watch
32:02 Imperial Age
30:23 Ballistics
30:46 Pikeman
31:26 Squires
31:11 Arson
31:30 Scale Mail Armor
31:40 Forging
32:55 Chain Mail Armor
32:08 Arbalester
33:51 Chemistry
32:43 Halberdier
34:45 Two-Man Saw
34:34 Bracer
34:50 Leather Archer Armor
35:07 Plate Mail Armor
36:36 Iron Casting
38:41 Blast Furnace
38:21 Conscription
38:02 Sitting Tiger
39:03 Masonry
39:04 Elite Fire Archer
41:00 Coinage
40:27 Stone Mining
40:31 Gold Mining
40:48 Heavy Plow
43:08 Leather Archer Armor
45:17 Bloodlines
45:07 Husbandry
44:28 Light Cavalry
48:32 Hussar
51:02 Scale Barding Armor
54:08 Architecture
Connection lost

Rejoining the realm…

Still unreachable

The connection could not be restored.

Session expired

The server has moved on; the page needs a fresh start.